 Dungeon Crawl Stone Soup version 0.29-a0-333-gb4c28e87c6 (webtiles) character file.

Game seed: 10702992209529785367

642 Murumi the Covert (level 7, -2/41 HPs)
             Began as a Vampire Enchanter on Apr 12, 2022.
             Killed by divine providence
             ... invoked by an orc priest
              (12 damage)
             ... on level 4 of the Dungeon on Apr 13, 2022.
             The game lasted 00:26:11 (4733 turns).

Murumi the Covert (Vampire Enchanter)               Turns: 4733, Time: 00:26:12

Health: -2/41      AC:  4    Str:  7    XL:     7   Next: 26%
Magic:  2/10       EV: 12    Int: 23    God:
Gold:   108        SH:  0    Dex: 17    Spells: 2/10 levels left

rFire   . . .      SeeInvis +   a - +4 dagger
rCold   + + .      Faith    .   (no shield)
rNeg    + + +      Spirit   .   b - +0 robe
rPois   ∞          Reflect  .   e - +1 helmet
rElec   .          Harm     .   (no cloak)
rCorr   .          Rampage  .   (no gloves)
Will    .....                   (no boots)
Stlth   ++++++....              (no amulet)
HPRegen 0.00/turn               d - +6 ring of intelligence
MPRegen 0.12/turn               (no ring)

@: bloodless, inhibited regen
A: bloodless, fangs 3, see invisible, vampiric 2
a: Bat Form, Revivify


You were on level 4 of the Dungeon.
You visited 1 branch of the dungeon, and saw 5 of its levels.

You collected 192 gold pieces.
You spent 84 gold pieces at shops.

Inventory:

Hand Weapons
 a - a +4 dagger (weapon)
 l - a +2 dagger of electrocution
Armour
 b - a +0 robe (worn)
 e - a +1 helmet (worn)
Jewellery
 d - a +6 ring of intelligence (left hand)
Scrolls
 g - 3 scrolls of teleportation
 k - a scroll of enchant armour
Potions
 c - 2 potions of invisibility
 f - a potion of mutation
 h - a potion of magic
 j - a potion of curing


   Skills:
 - Level 3.0 Fighting
 - Level 4.0 Short Blades
 - Level 1.0 Armour
 - Level 2.1 Dodging
 - Level 8.0 Stealth
 - Level 2.0 Spellcasting
 + Level 0.0 Conjurations
 - Level 7.0 Hexes
 - Level 1.0 Ice Magic


You had 2 spell levels left.
You knew the following spells:

 Your Spells              Type           Power      Damage    Failure   Level
a - Ensorcelled Hibernat  Hex/Ice        40%        N/A       3%          2
b - Confusing Touch       Hex            34%        N/A       2%          3
c - Dazzling Flash        Conj/Hex       36%        N/A       9%          3

Your spell library contained the following spells:

 Spells                   Type           Power      Damage    Failure   Level
 Tukima's Dance           Hex            34%        N/A       2%          3


Dungeon Overview and Level Annotations

Branches:
Dungeon (5/15)
 Temple: D:4-7

Altars:

Shops:
D:1 ?


Innate Abilities, Weirdness & Mutations

You do not regenerate when monsters are visible.
You are frail without blood (-20% HP).
You can heal yourself when you bite living creatures.
You are immune to poison.
You have razor-sharp teeth.
You have supernaturally acute eyesight. (SInv)
You are afflicted with vampirism and can become a bat while bloodless.


Message History

The orc is almost dead.
The orc hits you with a +0 club. The orc misses you.
You hit the orc.
You kill the orc!
The orc hits you with a +0 dagger.
The orc priest casts a cantrip, but nothing happens.
You hit the orc.
The orc is heavily wounded.
The orc hits you but does no damage.
The orc priest miscasts a cantrip.
You hit the orc.
You kill the orc!
Items here: ( )) [.
Okay, then.
The orc priest resists with significant effort.
The orc priest hits you with a +0 hand axe.
The orc priest resists with significant effort.
The orc priest hits you but does no damage.
You closely miss the orc priest.
The orc priest hits you with a +0 hand axe.
You completely miss the orc priest.
The orc priest hits you with a +0 hand axe.
You hit the orc priest. Your bite misses the orc priest.
The orc priest is moderately wounded.
The orc priest hits you with a +0 hand axe.
You hit the orc priest.
The orc priest is heavily wounded.
The orc priest misses you.
You hit the orc priest.
The orc priest is heavily wounded.
You hit the orc priest.
The orc priest is almost dead.
The orc priest mumbles some strange prayers to Beogh against you.
Beogh smites you!
* * * LOW HITPOINT WARNING * * *
You closely miss the orc priest.
The orc priest is almost dead.
The orc priest mumbles some strange prayers to Beogh against you.
Beogh smites you!
You die...

###### ............
##....###............
##.......#.............
#.......))...........
##.........)..........
###.........).......#
##..............).####
#...............)##
................@.#
...#............o.##
...#?..............##
#........)..........##
##............?....$.##
##...................##
###......†...........###
#†....................
##..................#


You could see an orc priest.

Vanquished Creatures
  A steam dragon (D:4)
  A sky beast (D:5)
  A phantom (D:5)
  A scorpion (D:3)
  A howler monkey (D:5)
  A hound (D:4)
  A gnoll shaman (D:4)
  6 gnolls
  2 adders
  2 worms (D:2)
  3 dart slugs
  11 orcs
  6 ball pythons
  8 bats
  7 endoplasms
  4 giant cockroaches
  5 goblins
  5 hobgoblins
  4 jackals (D:4)
  5 quokkas
  4 frilled lizards
  13 kobolds
  4 rats
96 creatures vanquished.

Notes
Turn   | Place    | Note
-------+----------+-------------------------------------------
     0 | D:1      | Murumi the Vampire Enchanter began the quest for the Orb.
     0 | D:1      | Reached XP level 1. HP: 13/13 MP: 3/3
    83 | D:1      | Reached skill level 5 in Stealth
   116 | D:1      | Found a faded altar of an unknown god.
   174 | D:1      | Reached XP level 2. HP: 15/15 MP: 5/5
   193 | D:1      | Learned a level 2 spell: Ensorcelled Hibernation
   250 | D:1      | Found Iggehuj's Magic Scroll Emporium.
   311 | D:1      | Bought a scroll of identify for 28 gold pieces
   684 | D:1      | Reached skill level 5 in Hexes
  1176 | D:1      | Gained mutation: You are afflicted with vampirism and can
                  | become a bat while bloodless. [Vampire growth]
  1176 | D:1      | Reached XP level 3. HP: 15/20 MP: 1/6
  1431 | D:2      | Reached skill level 1 in Fighting
  1748 | D:1      | Bought a scroll of identify for 28 gold pieces
  1785 | D:2      | Reached skill level 1 in Ice Magic
  1983 | D:1      | Bought a scroll of identify for 28 gold pieces
  2254 | D:2      | Reached XP level 4. HP: 12/26 MP: 0/7
  2656 | D:2      | Upgraded the game from 0.29-a0-323-g050149af67 to
                  | 0.29-a0-333-gb4c28e87c6
  3031 | D:3      | Reached skill level 6 in Stealth
  3460 | D:3      | Noticed a scorpion
  3468 | D:3      | Killed a scorpion
  3469 | D:3      | Reached skill level 1 in Armour
  3469 | D:3      | Reached XP level 5. HP: 30/30 MP: 8/8
  3867 | D:4      | Noticed a steam dragon
  3874 | D:4      | Killed a steam dragon
  3875 | D:4      | Reached skill level 7 in Stealth
  3875 | D:4      | Reached XP level 6. HP: 35/35 MP: 9/9
  4296 | D:4      | You fall into a shaft and drop 1 floor!
  4296 | D:5      | Entered Level 5 of the Dungeon
  4296 | D:5      | Noticed a sky beast
  4305 | D:5      | Killed a sky beast
  4306 | D:5      | Reached skill level 8 in Stealth
  4326 | D:5      | Reached XP level 7. HP: 6/40 MP: 1/10
  4598 | D:4      | Learned a level 3 spell: Confusing Touch
  4602 | D:4      | Learned a level 3 spell: Dazzling Flash
  4733 | D:4      | Killed from afar by an orc priest

Illustrated notes

Levels and vault maps discovered:
D:1:      elethiomel_arrival_infinity_welcomes_careful_drivers, layout_basic,
          hellmonk_ecumenical_altar_slurped_away, serial_shops, shop,
          kennysheep_another_room, kennysheep_boxes
D:2:      layout_loops_ring
D:3:      layout_basic
D:4:      layout_layer_cave, grunt_decor_cap
D:5:      layout_rooms, hangedman_abyss_or_decor_jellyfish_corner

Skill      XL: |  1  2  3  4  5  6  7 |
---------------+----------------------+-----
Stealth        | 5 6 7 8 |  8.0
Short Blades   | 2 3 4 |  4.0
Hexes          | 5 6 7 |  7.0
Fighting       | 2 3 |  3.0
Ice Magic      | 1 |  1.0
Armour         | 1 |  1.0
Dodging        | |  2.1
Spellcasting   | |  2.0

Action                   |  1- 3 |  4- 6 |  7- 9 || total
-------------------------+-------+-------+-------++-------
Melee: Dagger            |    65 |    68 |    23 ||   156
       Bite              |     4 |     3 |     1 ||     8
 Cast: Ensorcelled Hiber |    21 |    22 |     9 ||    52
 Abil: Exsanguinate      |     1 |       |       ||     1
  Use: Scroll            |     6 |     4 |       ||    10
       Potion            |       |     1 |       ||     1
 Stab: Sleeping          |    30 |    34 |    11 ||    75
Armor: Robe              |    13 |    15 |     2 ||    30
Dodge: Dodged            |    30 |    22 |     6 ||    58

Table legend: (Time is in decaauts)
 A = Elapsed time spent in this place.
 B = Non-inter-level travel time spent in this place.
 C = Inter-level travel time spent in this place.
 D = Time resting spent in this place.
 E = Time spent auto-exploring this place.
 F = Levels seen in this place.
 G = Mean time per level.
                   A        B        C        D        E       F      G
               +--------+--------+--------+--------+--------+-----+--------+
         Total |   4718 |   4283 |    435 |    295 |   3222 |   5 |  943.6 |
       Dungeon |   4718 |   4283 |    435 |    295 |   3222 |   5 |  943.6 |
               +--------+--------+--------+--------+--------+-----+--------+

Top non-repeatable levels by time:
     D:1: 1519 daAuts
     D:2: 1320 daAuts
     D:3: 996 daAuts
     D:4: 822 daAuts
     D:5: 59 daAuts
